 Dungeon Crawl Stone Soup version 0.31-a0-978-g1e143483b6 (webtiles) character file.

Game seed: 12159085265779901897

34 timneilson the Ruffian (level 3, -2/23 HPs)
             Began as an Octopode Shapeshifter on Oct 31, 2023.
             Slain by a gnoll
             ... wielding a +0 spear
              (9 damage)
             ... on level 2 of the Dungeon.
             The game lasted 00:02:19 (1240 turns).

timneilson the Ruffian (Octopode Shapeshifter)      Turns: 1240, Time: 00:02:20

Health: -2/23      AC:  1    Str: 15    XL:     3   Next: 31%
Magic:  3/3        EV: 13    Int: 12    God:
Gold:   59         SH:  0    Dex: 11    Spells: 2/2 levels left

rFire   . .          .
                       - Unarmed
rCold   . . .        (no shield)
rNeg    . . .        (helmet currently unavailable)
rPois   .            (no amulet)
rElec   .            (no ring)
rCorr   .            (no ring)
SInv    .            (no ring)
Will    .....        (no ring)
Stlth   +++          (no ring)
HPRegen 0.23/turn    (no ring)
MPRegen 0.08/turn    (no ring)
                     (no ring)

%: no passive effects
@: beast-form
A: beast (slay +1), almost no armour, amphibious, 8 rings, camouflage 1,
gelatinous body 1, (nimble swimmer 1), tentacles
a: Begin Untransformation


You were on level 2 of the Dungeon.
You were a hulking beast.
You visited 1 branch of the dungeon, and saw 2 of its levels.

You collected 59 gold pieces.

Inventory:

Talismans
 b - a beast talisman
 c - a flux talisman
 d - a maw talisman
Scrolls
 f - 3 scrolls of identify
 g - a scroll of fear {unknown}
 h - a scroll of teleportation {unknown}
Potions
 a - a potion of lignification
 e - a potion of enlightenment
 i - a potion of might {unknown}


   Skills:
 * Level 1.5 Fighting
 * Level 2.3 Dodging
 + Level 1.2 Stealth
 * Level 3.3 Unarmed Combat
 + Level 0.4 Spellcasting
 * Level 3.2 Shapeshifting


You had 2 spell levels left.
You didn't know any spells.
Your spell library was empty.

Dungeon Overview and Level Annotations

Branches:
Dungeon (2/15)

Altars:


Innate Abilities, Weirdness & Mutations

You are a hulking beast.
Your limbs bulge with bestial killing power. (Slay +1)
You cannot wear most types of armour.
You are amphibious.
You can wear up to eight rings at the same time.
Your skin changes colour to match your surroundings (Stealth+).
Your rubbery body absorbs attacks. (AC +1, EV +1)
((You are camouflaged when in or above water. (Stealth+)))
You have tentacles for arms and can constrict up to eight enemies at once.


Message History

Found 6 stones.
The helpless jackal fails to defend itself.
You tentacle-slap the jackal. You grab the jackal.
The jackal is severely wounded.
You constrict the jackal. The jackal barely misses you.
You tentacle-slap the jackal.
You kill the jackal!
You tentacle-slap the rat.
You kill the rat!
A hobgoblin comes into view.
Found the +2 ratskin cloak {*Rats rPois rN+ Str-1 Int-1 Dex+1}.
The hobgoblin hits you.
You barely miss the hobgoblin. Your grab misses the hobgoblin.
The hobgoblin hits you.
You tentacle-slap the hobgoblin but do no damage.
You grab the hobgoblin.
You constrict the hobgoblin, but do no damage.
The hobgoblin barely misses you.
You tentacle-slap the hobgoblin.
The hobgoblin is moderately wounded.
You constrict the hobgoblin. The hobgoblin barely misses you.
You tentacle-slap the hobgoblin.
You kill the hobgoblin!
You see here a hobgoblin corpse.
You see here the +2 ratskin cloak {*Rats rPois rN+ Str-1 Int-1 Dex+1}.
HP restored.
A gnoll comes into view. It is wielding a +0 spear.
The gnoll shouts!
A gnoll comes into view. It is wielding a +0 spear.
The gnoll closely misses you.
You closely miss the gnoll.
The gnoll shouts!
You grab the gnoll. You constrict the gnoll.
The gnoll struggles to escape constriction.
You tentacle-slap the gnoll.
The gnoll is heavily wounded.
You constrict the gnoll.
The gnoll escapes!
The gnoll hits you from afar with a +0 spear!
The gnoll hits you with a +0 spear! x2
You die...

##.###.##.....(...###.###
#.## ##......†...†......#####
##.###.#########.†..........#
##.#.## ##...##.#.###.# #.###
##.###.#.#.# #.# #...##...†.#
#.# ##.###.#.....≈≈≈≈ #.#
#.g........≈≈≈## ##.##
#h#######.≈≈≈≈# #.(.# #g#
.≈≈≈≈# #.#.# ... ≈≈≈≈≈#
##.#.## #..## ###### #..#..#
#..# ##.###.## ...#
#..#.#..### #..#
..##.##...######..
###...###....####


You could see 2 gnolls.

Vanquished Creatures
  An adder (D:2)
  A dart slug (D:1)
  A ball python (D:1)
  An endoplasm (D:1)
  2 giant cockroaches
  2 goblins
  2 hobgoblins
  2 jackals (D:2)
  A quokka (D:2)
  2 bats (D:1)
  4 frilled lizards (D:1)
  A kobold (D:1)
  3 rats
23 creatures vanquished.

Notes
Turn   | Place    | Note
-------+----------+-------------------------------------------
     0 | D:1      | timneilson the Octopode Shapeshifter began the quest for
                  | the Orb.
     0 | D:1      | Reached XP level 1. HP: 13/13 MP: 1/1
   236 | D:1      | Reached XP level 2. HP: 9/18 MP: 2/2
  1075 | D:2      | Reached skill level 1 in Stealth
  1075 | D:2      | Reached XP level 3. HP: 23/23 MP: 3/3
  1210 | D:2      | Found the +2 ratskin cloak {*Rats rPois rN+ Str-1 Int-1
                  | Dex+1}
  1240 | D:2      | Slain by a gnoll

Illustrated notes

Levels and vault maps discovered:
D:1:      tarquinn_simple_flora_water_c, layout_loops_corners, serial_rivers,
          chequers_serial_rivers_room_b, chequers_serial_rivers_micro_c,
          chequers_serial_rivers_marsh, chequers_serial_rivers_large_b
D:2:      minmay_general_purpose_star, layout_loops_ring, grunt_decor_junction,
          minmay_pentomino_p4

Skill      XL: |  1  2 |
---------------+-------+-----
Stealth        | 1 |  1.2
Fighting       | |  1.5
Dodging        | |  2.3
Unarmed Combat | |  3.3
Spellcasting   | |  0.4
Shapeshifting  | |  3.2

Action                     || total
---------------------------++-------
  Melee: Unarmed           ||    48
         Constrict         ||    15
         Tentacles         ||     3
         Punch             ||     1
    Use: Scroll            ||     2
   Stab: Sleeping          ||     5
 Armour: Skin              ||    16
  Dodge: Dodged            ||    24

Table legend: (Time is in decaauts)
 A = Elapsed time spent in this place.
 B = Non-inter-level travel time spent in this place.
 C = Inter-level travel time spent in this place.
 D = Time resting spent in this place.
 E = Time spent auto-exploring this place.
 F = Levels seen in this place.
 G = Mean time per level.
                   A        B        C        D        E       F      G
               +--------+--------+--------+--------+--------+-----+--------+
         Total |   1237 |   1202 |     35 |      0 |    971 |   2 |  618.5 |
       Dungeon |   1237 |   1202 |     35 |      0 |    971 |   2 |  618.5 |
               +--------+--------+--------+--------+--------+-----+--------+

Top non-repeatable levels by time:
     D:1: 1020 daAuts
     D:2: 216 daAuts
